 Dungeon Crawl Stone Soup version 0.20-a0-522-g0b37eee (webtiles) character file.

9443 nono the Protected (level 11, -4/75 HPs)
             Began as a Halfling Monk on Jan 25, 2017.
             Was a High Priest of Ashenzari.
             Slain by Snorg (10 damage)
             ... on level 11 of the Dungeon.
             The game lasted 00:44:37 (12319 turns).

nono the Protected (Halfling Monk)                 Turns: 12319, Time: 00:44:39

Health: -4/75      AC: 23    Str: 15    XL:     11   Next: 74%
Magic:  11/11      EV: 14    Int:  8    God:    Ashenzari [*****.]
Gold:   533        SH:  8    Dex: 23    Spells: 10/10 levels left

rFire    . . .     SeeInvis +   w - +9 dagger "Zunal" {protect, *Drain Dex+5} (curse)
rCold    . . .     Gourm    .   Z - +0 plate armour (curse)
rNeg     . . .     Faith    +   f - +0 buckler (curse)
rPois    .         Spirit   .   O - +0 helmet
rElec    .         Reflect  .   C - +0 cloak
rCorr    .         Harm     .   T - +2 pair of gloves
MR       .....     Clarity  +   (no boots)
Stlth    ..........             q - amulet of faith
Regen    0.3/turn               K - +2 ring of protection
                                e - +2 ring of evasion

@: no status effects
A: mutation resistance 1
a: Curse Item, Scrying, Transfer Knowledge, Renounce Religion


You were on level 11 of the Dungeon.
You worshipped Ashenzari.
Ashenzari was extremely pleased with you.
You were very hungry.

You visited 2 branches of the dungeon, and saw 12 of its levels.

You collected 533 gold pieces.

Inventory:

Hand Weapons
 b - a +0 dagger of freezing
 w - the cursed +9 dagger "Zunal" (weapon) {protect, *Drain Dex+5}
   (You found it on level 4 of the Dungeon)

   It protects the one who uses it against injury (+AC on strike).
   It affects your dexterity (+5).
   It causes draining when unequipped.
   It has a curse placed upon it.
 G - a +1 long sword
Missiles
 i - 55 sling bullets
Armour
 f - a cursed +0 buckler (worn)
 k - a +3 leather armour
 C - a +0 cloak (worn)
 O - a +0 helmet (worn)
 T - a +2 pair of gloves (worn)
 Z - a cursed +0 plate armour (worn)
Jewellery
 e - a +2 ring of evasion (left hand)
 q - an amulet of faith (around neck)
 K - a +2 ring of protection (right hand)
Wands
 g - a wand of polymorph (9/24)
 t - a wand of disintegration (14/24)
 y - a wand of digging (9/24)
 D - a wand of acid (3/15)
 H - a wand of random effects (30/48)
 L - a wand of paralysis (7/24)
 U - a wand of scattershot (0/9)
 V - a wand of polymorph (12/24)
Scrolls
 d - a scroll of enchant weapon
 j - a scroll of enchant armour
 m - a scroll of amnesia
 n - 5 scrolls of recharging {unknown}
 s - 2 scrolls of identify
 u - a scroll of immolation
 x - 2 scrolls of magic mapping {unknown}
 J - a scroll of blinking {unknown}
 M - a scroll of vulnerability {unknown}
 R - a scroll of fog {unknown}
 W - a scroll of random uselessness
 X - 2 scrolls of teleportation
Potions
 a - 2 potions of ambrosia
 l - 2 potions of cancellation
 o - a potion of curing
 p - 3 potions of invisibility
 A - a potion of lignification
 E - 2 potions of haste
 I - a potion of mutation
 N - 3 potions of heal wounds
 S - a potion of flight
 Y - 2 potions of berserk rage
Books
 v - a book of Cantrips

   Spells                             Type                      Level
   a - Confusing Touch                Hexes                        1
   b - Animate Skeleton               Necromancy                   1
   c - Summon Small Mammal            Summoning                    1
   d - Apportation                    Translocation                1
 z - a book of Misfortune

   Spells                             Type                      Level
   a - Confusing Touch                Hexes                        1
   b - Confuse                        Hexes                        3
   c - Gell's Gravitas                Hexes/Translocation          3
   d - Petrify                        Transmutation/Earth          4
   e - Metabolic Englaciation         Hexes/Ice                    5
   f - Yara's Violent Unravelling     Hexes/Transmutation          5
 B - a book of Battle

   Spells                             Type                      Level
   a - Infusion                       Charms                       1
   b - Shroud of Golubria             Charms/Translocation         2
   c - Song of Slaying                Charms                       2
   d - Spectral Weapon                Hexes/Charms                 3
   e - Regeneration                   Charms/Necromancy            3
 Q - a book of Maledictions

   Spells                             Type                      Level
   a - Corona                         Hexes                        1
   b - Ensorcelled Hibernation        Hexes/Ice                    2
   c - Confuse                        Hexes                        3
   d - Tukima's Dance                 Hexes                        3
   e - Dazzling Spray                 Conjuration/Hexes            3
Comestibles
 c - 6 bread rations
 h - 12 royal jellies
 r - 10 meat rations
 F - 4 fruits


   Skills:
 + Level 7.3 Fighting
 - Level 1.2(7.5) Short Blades
 + Level 8.6 Long Blades
 + Level 11.0 Armour
 + Level 9.0 Dodging
 - Level 2.1 Stealth
 - Level 6.0(8.7) Shields


You had 10 spell levels left.
You didn't know any spells.

Dungeon Overview and Level Annotations

Branches:
Dungeon (11/15)            Temple (0/1) D:4             Orc (1/2) D:9
   Lair: D:8-11

Altars:
Ashenzari
Dithmenos
Okawaru
Qazlal
Sif Muna
Trog
Zin
The Shining One

Shops:
D:5 }

Annotations:
D:11 Snorg; nikopol's ghost, journeyman GrBe
Orc:1 Urug


Innate Abilities, Weirdness & Mutations

You are small and have problems with some larger weapons.
You are somewhat resistant to further mutation.


Message History

Snorg closely misses you. Snorg misses you. x2
There is an open door, spattered with blood here.
You are feeling very hungry.
Snorg barely misses you. Snorg claws you. You block Snorg's attack.
You block Snorg's attack. x3
The kobold throws a stone.
You block the stone.
You see here a stone.
An ogre comes into view. It is wielding a giant club.
The ogre shouts!
Snorg bites you! Snorg claws you!
* * * LOW HITPOINT WARNING * * *
Snorg closely misses you. You block Snorg's attack. Snorg claws you.
* * * LOW HITPOINT WARNING * * *
Snorg claws you but does no damage.
A leopard gecko comes into view.
You hear an angry hiss.
As you read the scroll of fear, it crumbles to dust.
You assume a fearsome visage.
The kobold looks frightened!
Snorg bites you!
You die...

...# ######.....###.. ,,, ,, ,*
...####...†%.....# ,+, ,,,,,
........####.l...# * , , , ,
...#####* #.{...# , ...# #<....#
, ,, * ...# #.O...# * + #.##
#..{..# ,* ..# ##..### * ,* .##
#####.)@## *∆ * .# #......T># * *
.# #........# * *** '####
#.....(..# ,, ,, ....# #........#
* ####### ....# #.......K#
,.#.....#
....######........######.#.######
....'....'........'.##"..#.#...K.
....######........#....###.#.#.#.


You could see Snorg (berserk) and a kobold (fleeing).

Vanquished Creatures
  Erolcha (D:10)
  A two-headed ogre (D:9)
  An unseen horror (D:11)
  A komodo dragon (D:11)
  A queen bee (D:11)
  2 trolls (D:11)
  Grinder (D:6)
  Prince Ribbit (D:6)
  2 hippogriffs (D:7)
  Sigmund (D:6)
  A warg (Orc:1)
  2 soldier ants (D:10)
  Edmund (D:4)
  A water moccasin (D:7)
  3 ice beasts
  8 orc warriors
  2 sky beasts
  2 black bears
  2 eyes of draining
  3 ogres
  2 phantoms
  A necrophage (D:5)
  3 centaurs
  A crocodile (D:11)
  A big kobold (D:11)
  A bullfrog (D:9)
  A wyvern zombie (D:9)
  A scorpion (D:8)
  15 killer bees
  A howler monkey (D:8)
  5 crimson imps
  A hound (D:7)
  2 jellies
  A quasit (D:10)
  3 bullfrog skeletons
  10 orc priests
  16 orc wizards
  3 centaur skeletons
  3 iguanas
  5 worker ants
  3 worker ant zombies
  19 adders
  4 shadow imps
  An adder skeleton (D:8)
  2 worms
  A dart slug (D:1)
  2 leopard geckos
  54 orcs
  4 giant cockroaches
  12 goblins
  8 hobgoblins
  6 jackals
  11 kobolds
  2 quokkas
  6 bats
  6 frilled lizards
  A quokka skeleton (D:4)
  A quokka zombie (D:9)
  14 rats
270 creatures vanquished.

Vanquished Creatures (others)
  A wizard (D:3)
  17 plants (D:11)
18 creatures vanquished.

Grand Total: 288 creatures vanquished

Notes
Turn   | Place    | Note
-------+----------+-------------------------------------------
     0 | D:1      | nono the Halfling Monk began the quest for the Orb.
     0 | D:1      | Reached XP level 1. HP: 15/15 MP: 1/1
   207 | D:1      | Reached XP level 2. HP: 11/20 MP: 2/2
   373 | D:1      | HP: 1/20 [hobgoblin/club (4)]
   935 | D:1      | Reached XP level 3. HP: 24/25 MP: 3/3
  1046 | D:2      | Reached skill level 1 in Shields
  1343 | D:2      | Reached XP level 4. HP: 31/31 MP: 4/4
  1367 | D:2      | Found a shattered altar of Ashenzari.
  1843 | D:2      | Reached skill level 1 in Short Blades
  1843 | D:2      | Reached XP level 5. HP: 33/36 MP: 5/5
  1891 | D:2      | Became a worshipper of Ashenzari the Shackled
  1891 | D:2      | Reached * piety under Ashenzari
  1891 | D:2      | Reached ** piety under Ashenzari
  2710 | D:3      | Found a glowing golden altar of the Shining One.
  2966 | D:3      | Reached skill level 1 in Armour
  2966 | D:3      | Reached XP level 6. HP: 37/42 MP: 6/6
  3240 | D:3      | Found a bloodstained altar of Trog.
  3242 | D:3      | Noticed a wizard
  3248 | D:3      | Killed a wizard
  3504 | D:3      | Reached skill level 2 in Armour
  3835 | D:4      | Got the dagger "Zunal" {protect, *Drain Dex+5}
  3836 | D:4      | Identified the +9 dagger "Zunal" {protect, *Drain Dex+5} (You found it on level 4 of the Dungeon)
  4050 | D:4      | Reached skill level 3 in Armour
  4050 | D:4      | Reached XP level 7. HP: 42/46 MP: 7/7
  4346 | D:4      | Noticed Edmund
  4367 | D:4      | Killed Edmund
  4367 | D:4      | Reached skill level 4 in Armour
  4378 | D:4      | Found a staircase to the Ecumenical Temple.
  4905 | D:5      | Entered Level 5 of the Dungeon
  5021 | D:5      | Reached skill level 5 in Armour
  5044 | D:5      | Found Laemophy's Quality Used Wands.
  5049 | D:5      | Reached *** piety under Ashenzari
  5064 | D:5      | Reached XP level 8. HP: 38/52 MP: 8/8
  5237 | D:5      | Reached skill level 6 in Armour
  5388 | D:5      | Reached skill level 5 in Shields
  5643 | D:6      | Noticed Sigmund
  5690 | D:6      | Reached skill level 7 in Armour
  5718 | D:6      | Killed Sigmund
  5834 | D:6      | Reached XP level 9. HP: 56/56 MP: 9/9
  6168 | D:6      | Noticed Grinder
  6214 | D:6      | Paralysed by Grinder for 2 turns
  6232 | D:6      | Killed Grinder
  6232 | D:6      | Reached skill level 8 in Armour
  6258 | D:6      | Noticed Prince Ribbit
  6314 | D:6      | Reached skill level 5 in Long Blades
  6339 | D:6      | Reached skill level 5 in Dodging
  6796 | D:6      | Killed Prince Ribbit
  7484 | D:7      | Reached XP level 10. HP: 31/65 MP: 10/10
  7769 | D:7      | Reached skill level 9 in Armour
  7839 | D:7      | Reached skill level 5 in Fighting
  8273 | D:8      | Noticed an eight-headed hydra
  8281 | D:8      | Noticed a two-headed ogre
  8898 | D:8      | Reached **** piety under Ashenzari
  9107 | D:9      | Found a stormy altar of Qazlal.
  9108 | D:9      | Found a shadowy altar of Dithmenos.
  9110 | D:9      | Found a glowing silver altar of Zin.
  9112 | D:9      | Found an iron altar of Okawaru.
  9112 | D:9      | Found a bloodstained altar of Trog.
  9401 | D:9      | Noticed a two-headed ogre
  9425 | D:9      | Killed a two-headed ogre
  9607 | D:9      | Found a staircase to the Orcish Mines.
  9612 | Orc:1    | Entered Level 1 of the Orcish Mines
  9741 | Orc:1    | Reached skill level 10 in Armour
  9778 | Orc:1    | Noticed Urug
  9862 | Orc:1    | Noticed an orc sorcerer
  9876 | Orc:1    | Noticed an orc warlord
 10145 | D:10     | Entered Level 10 of the Dungeon
 10403 | D:10     | Noticed Erolcha
 10418 | D:10     | Killed Erolcha
 10418 | D:10     | Reached XP level 11. HP: 71/73 MP: 11/11
 10598 | D:10     | Reached ***** piety under Ashenzari
 10953 | D:10     | Found a deep blue altar of Sif Muna.
 11426 | D:11     | Noticed an unseen horror
 11523 | D:11     | Noticed nikopol's ghost (journeyman GrBe)
 12113 | D:11     | Killed an unseen horror
 12113 | D:11     | Reached skill level 11 in Armour
 12278 | D:11     | Noticed Snorg
 12319 | D:11     | Slain by Snorg

Vault maps used:
D:1:      lemuel_arrival_cross
D:2:      nicolae_ashenzari_panopticon
D:3:      minmay_wonky_spiral, tso_metal_star, first_bread, trog_wizard
D:4:      minmay_temple_entry_fiery, uniq_edmund
D:5:      nicolae_for_you_no_charge
D:6:      uniq_grinder, uniq_prince_ribbit1, uniq_sigmund
D:8:      hangedman_decor_opposing
D:9:      grunt_temple_overflow_open, orc_0_dummy
D:10:     kennysheep_orc_sif_temple, hangedman_pestilent_swarm,
          kennysheep_opposing_triangles, uniq_erolcha
D:11:     david_lair_shrubbed, uniq_snorg
Orc:1:    mines2_lemuel, uniq_urug

Skill      XL: |  1  2  3  4  5  6  7  8  9 10 11 |
---------------+----------------------------------+-----
Fighting       | 3 4 6 7 |  7.3
Shields        | 1 2 3 4 6 |  6.0
Long Blades    | 4 6 7 8 |  8.6
Dodging        | 4 6 7 9 |  9.0
Short Blades   | 1 |  1.2
Armour         | 1 3 5 7 8 10 11 | 11.0
Stealth        | |  2.1

Action                   |  1- 3 |  4- 6 |  7- 9 | 10-12 || total
-------------------------+-------+-------+-------+-------++-------
Melee: Falchion          |    74 |   182 |       |       ||   256
       Dagger            |    47 |    78 |   372 |   622 ||  1119
Invok: Curse Item        |       |       |     1 |     1 ||     2
Evoke: Wand              |       |       |       |     9 ||     9
  Use: Scroll            |       |     5 |       |    15 ||    20
       Potion            |       |       |       |     2 ||     2
 Stab: Sleeping          |     3 |     3 |       |       ||     6
       Invisible         |       |       |       |     1 ||     1
  Eat: Chunk             |     2 |     9 |    11 |    12 ||    34
       Fruit             |       |       |       |     3 ||     3
Armor: Robe              |     7 |    10 |       |       ||    17
       Plate armour      |       |    50 |   110 |   190 ||   350
Dodge: Dodged            |    97 |   132 |   109 |   270 ||   608
Block: Buckler           |    13 |    63 |    99 |   199 ||   374
       Rpst.: Falchion   |    22 |    30 |       |       ||    52
